 Dungeon Crawl Stone Soup version 0.26-a0-466-g989023bd0d (webtiles) character file.

Game seed: 12619491780091311170

458552 HoaS the Middleweight Champion (level 24, -1/158 HPs)
             Began as a Gargoyle Gladiator on July 30, 2020.
             Was the Champion of Makhleb.
             Killed by the air
             ... invoked by a spriggan air mage
             ... led by the Enchantress
              (18 damage)
             ... on level 3 of the Depths on July 31, 2020.
             The game lasted 02:06:35 (42597 turns).

HoaS the Middleweight Champion (GrGl)              Turns: 42597, Time: 02:06:36

Health: -1/158     AC: 57    Str: 26    XL:     24   Next: 43%
Magic:  23/23      EV: 17    Int: 12    God:    Makhleb [******]
Gold:   1202       SH:  5    Dex: 14    Spells: 23/23 levels left

rFire    + + +     SeeInvis +     - Unarmed
rCold    + + +     Faith    .   (no shield)
rNeg     + . .     Spirit   .   e - +6 plate armour
rPois    ∞         Reflect  +   b - +2 helmet
rElec    +         Harm     .   h - +0 cloak of Xom's Castigation {rC+ Int-2 Slay+2 SInv}
rCorr    +         Rnd*Rage +   J - +0 pair of gloves "Sill" {*Contam rF+++ rC++ rCorr Int+4}
MR       ++...                  n - +2 pair of boots
Stlth    ..........             L - amulet of reflection
HPRegen  0.36/turn              M - ring "Cyuh" {AC+4 Slay+2}
MPRegen  0.18/turn              s - ring of protection from magic

@: flying, hasted, very quick
A: big wings, berserk 1, negative energy resistance 1, electricity resistance,
unbreathing, petrification resistance, rot immunity, AC +18
}: 2/15 runes: serpentine, barnacled
a: Stop Flying, Minor Destruction, Lesser Servant of Makhleb, Major Destruction,
Greater Servant of Makhleb, Renounce Religion


You were on level 3 of the Depths.
You worshipped Makhleb.
Makhleb was exalted by your worship.
You visited 9 branches of the dungeon, and saw 41 of its levels.
You also visited: Gauntlet, Volcano and Desolation.

You collected 5886 gold pieces.
You spent 4684 gold pieces at shops.

Inventory:

Missiles
 c - 7 throwing nets (quivered)
 q - 39 silver javelins
 P - 18 javelins
Armour
 b - a +2 helmet (worn)
 e - a +6 plate armour (worn)
 h - the +0 cloak of Xom's Castigation (worn) {rC+ Int-2 Slay+2 SInv}
   (You bought it in a shop on level 3 of the Snake Pit)

   It affects your intelligence (-2).
   It affects your accuracy and damage with ranged weapons and melee attacks
   (+2).
   It protects you from cold.
   It lets you see invisible.
 n - a +2 pair of boots (worn)
 J - the +0 pair of gloves "Sill" (worn) {*Contam rF+++ rC++ rCorr Int+4}
   (You found it on level 6 of the Lair of Beasts)

   It affects your intelligence (+4).
   It renders you almost immune to fire.
   It greatly protects you from cold.
   It causes magical contamination when unequipped.
   It provides partial protection from all sources of acid and corrosion.
Jewellery
 s - a ring of protection from magic (right hand)
 u - an uncursed ring of positive energy
 L - an amulet of reflection (around neck)
 M - the ring "Cyuh" (left hand) {AC+4 Slay+2}
   (You found it on level 1 of the Depths)

   [ring of protection]

   It affects your AC (+4).
   It affects your accuracy and damage with ranged weapons and melee attacks
   (+2).
 S - the ring of Ru's Inspiration {EV+4 Int+3}
   (You found it on level 14 of the Dungeon)

   [ring of evasion]

   It affects your evasion (+4).
   It affects your intelligence (+3).
Wands
 i - a wand of iceblast (19)
 o - a wand of acid (29)
 w - a wand of flame (87)
 A - a wand of polymorph (47)
 C - a wand of enslavement (10)
 E - a wand of disintegration (38)
 H - a wand of digging (14)
 N - a wand of paralysis (17)
 O - a wand of random effects (32)
Scrolls
 a - 24 scrolls of remove curse
 d - 18 scrolls of identify
 l - a scroll of silence
 v - 11 scrolls of teleportation
 y - 10 scrolls of blinking
 B - a scroll of holy word
 D - 4 scrolls of magic mapping
 I - 7 scrolls of fear
Potions
 g - 11 potions of might
 j - 5 potions of haste
 k - 5 potions of heal wounds
 m - 9 potions of mutation
 p - 25 potions of curing
 r - 6 potions of cancellation
 t - 2 potions of resistance
 x - 2 potions of ambrosia
 z - 3 potions of berserk rage
 F - 2 potions of invisibility
 G - 8 potions of lignification


   Skills:
 + Level 18.2 Fighting
 - Level 1.7 Throwing
 + Level 18.0 Armour
 * Level 16.9 Dodging
 O Level 27 Unarmed Combat


You had 23 spell levels left.
You didn't know any spells.
Your spell library contained the following spells:

 Spells                   Type           Power        Failure   Level
 Animate Skeleton         Necr           #.....       88%         1
 Apportation              Tloc           #.....       88%         1
 Beastly Appendage        Tmut           #.....       88%         1
 Corona                   Hex            #......      88%         1
 Foxfire                  Conj/Fire      #...         88%         1
 Freeze                   Ice            #...         88%         1
 Magic Dart               Conj           #...         88%         1
 Pain                     Necr           #...         88%         1
 Shock                    Conj/Air       #...         88%         1
 Sting                    Tmut/Pois      #...         88%         1
 Summon Small Mammal      Summ           #...         88%         1
 Blink                    Tloc           N/A          95%         2
 Call Imp                 Summ           #.......     95%         2
 Passwall                 Tmut/Erth      #.......     95%         2
 Poisonous Vapours        Pois/Air       #.....       95%         2
 Slow                     Hex            #.......     95%         2
 Swiftness                Air            #.......     95%         2
 Wereblood                Tmut           #.......     95%         2
 Confusing Touch          Hex            #.......     99%         3
 Conjure Flame            Conj/Fire      #.......     99%         3
 Dazzling Flash           Conj/Hex       #.....       99%         3
 Frozen Ramparts          Ice            #.....       99%         3
 Gell's Gravitas          Tloc           #.........   99%         3
 Ignite Poison            Fire/Tmut/Pois #.......     99%         3
 Lesser Beckoning         Tloc           #.........   99%         3
 Mephitic Cloud           Conj/Pois/Air  #.......     99%         3
 Ozocubu's Armour         Ice            #.......     99%         3
 Spider Form              Tmut/Pois      #.........   99%         3
 Static Discharge         Conj/Air       #.......     99%         3
 Tukima's Dance           Hex            #.......     99%         3
 Vampiric Draining        Necr           #.........   99%         3
 Airstrike                Air            #.........   100%        4
 Animate Dead             Necr           #.........   100%        4
 Cause Fear               Hex            #.........   100%        4
 Hailstorm                Conj/Ice       #.......     100%        4
 Ice Form                 Ice/Tmut       #.......     100%        4
 Iskenderun's Mystic Bla  Conj/Tloc      #.......     100%        4
 Olgreb's Toxic Radiance  Pois           #.......     100%        4
 Passage of Golubria      Tloc           N/A          100%        4
 Petrify                  Tmut/Erth      #.......     100%        4
 Summon Ice Beast         Ice/Summ       #.......     100%        4
 Summon Lightning Spire   Summ/Air       #.......     100%        4
 Agony                    Necr           #.......     100%        5
 Alistair's Intoxication  Tmut/Pois      #........    100%        5
 Blade Hands              Tmut           #.........   100%        5
 Irradiate                Conj/Tmut      #.........   100%        5
 Lee's Rapid Deconstruct  Erth           #.........   100%        5
 Lightning Bolt           Conj/Air       #.........   100%        5
 Metabolic Englaciation   Hex/Ice        #.........   100%        5
 Silence                  Hex/Air        #.........   100%        5
 Summon Mana Viper        Hex/Summ       #.......     100%        5
 Yara's Violent Unravell  Hex/Tmut       #.........   100%        5
 Conjure Ball Lightning   Conj/Air       #.........   100%        6
 Eringya's Noxious Bog    Tmut/Pois      #.........   100%        6
 Freezing Cloud           Conj/Ice/Air   #.........   100%        6
 Invisibility             Hex            #.......     100%        6
 Ozocubu's Refrigeration  Ice            #.........   100%        6
 Simulacrum               Ice/Necr       #.........   100%        6
 Starburst                Conj/Fire      #.........   100%        6
 Dragon Form              Tmut           #.........   100%        7
 Spellforged Servitor     Conj/Summ      #.........   100%        7
 Ignition                 Fire           #.........   100%        8
 Dragon's Call            Summ           #.........   100%        9
 Shatter                  Erth           #.........   100%        9
 Tornado                  Air            #.........   100%        9
 Sublimation of Blood     Necr           Unusable     N/A         2

Dungeon Overview and Level Annotations

Branches:
Dungeon (15/15)            Temple (1/1) D:5            Lair (6/6) D:9
 Shoals (4/4) Lair:2        Snake (4/4) Lair:2        Slime (0/5) Lair:5
    Orc (2/2) D:12            Elf (2/3) Orc:2        Vaults (4/5) D:13
  Crypt (0/3) Vaults:3     Depths (3/5) D:15        Volcano (visited)
Desolation (visited)      Gauntlet (visited)

Altars:
Ashenzari
Cheibriados
Dithmenos
Elyvilon
Fedhas
Gozag
Hepliaklqana
Kikubaaqudgha
Makhleb
Nemelex Xobeh
Okawaru
Qazlal
Ru
Sif Muna
Trog
Uskayaw
Vehumet
Wu Jian
Xom
Yredelemnul
Zin
The Shining One
Beogh
Jiyva
Lugonu

Shops:
D:5 (   Orc:2 [!:}   Elf:1 *   Elf:2 [   Shoals:4 *   Snake:3 (?[:*(
Vaults:1 [   Vaults:2 ?   Vaults:4 **=:}

Portals:
Hell: Depths:1 Depths:3
Abyss: Depths:2
Pandemonium: Depths:3
Ziggurat: Depths:2
Trove: Vaults:2 (give 4 potions of resistance)


Innate Abilities, Weirdness & Mutations

You are resistant to torment.
Your stone body is resilient. (AC +18)
You are immune to poison.
Your large and strong wings let you fly indefinitely.
You resist negative energy. (rN+)
You are resistant to electric shocks. (rElec)
You can survive without breathing.
You are immune to petrification.
You are immune to rotting.
You tend to lose your temper in combat.


Message History

The boggart mumbles some strange words.
The spriggan rider hits you but does no damage.
The spriggan air mage waves its arms in wide circles.
The air twists around and violently strikes you in flight.
The spriggan defender hits you but does no damage.
The spriggan defender throws a stone.
The stone completely misses you.
Some rock shatters into small pieces.
The spriggan air mage waves its arms in wide circles.
The air twists around and violently strikes you in flight!!
* * * LOW HITPOINT WARNING * * *
You see here a stone.
The spriggan defender throws a stone.
The stone hits you but does no damage.
You see here a stone.
The spriggan defender throws a stone.
The stone misses you.
Items here: ))) [[[[ ÷.
Things that are here:
a +1 robe of the Archmagi; a +1 demon blade of pain The spriggan air mage waves its arms in wide circles.
The air twists around and violently strikes you in flight!!
You die...

#....# #....# #....#
#...∩#
####....#######
#..[..........#
#(#########...#
###>.<......#...#
#..(.@.#....'...#
#.....[(...##...#
#(...(......#...#
###.^...i(..#####
#.#####(..# #.#
#ii.# #.# #...# ###
#.#####.ii#######...
#....(..)ii.D.iiT...


You could see a spriggan defender, a spriggan rider, a spriggan air mage (repels
missiles) and a spriggan.

Vanquished Creatures
  Mara (Depths:3)
  Margery (Vaults:3)
  A caustic shrike (Depths:1)
  Jory (Depths:3)
  the Enchantress (Depths:3)
  2 liches (Depths:1)
  The ghost of Juteq the Nimble, an adept GnGl of Makhleb (Vaults:3)
  Polyphemus (Shoals:3)
  2 sphinxes
  A revenant (Vaults:3)
  A storm dragon (Vaults:2)
  Kirke (Snake:2)
  Roxanne (Shoals:1)
  2 tengu reavers
  8 nagarajas
  Donald (Shoals:2)
  7 frost giants
  6 fire giants
  The ghost of Laplelam the Fighter, a journeyman OgTm of Sif Muna (Lair:6)
  A juggernaut zombie (Depths:3)
  Louise (Snake:3)
  2 deep elf sorcerers
  An orc warlord (Orc:1)
  12 vault wardens
  Aizul (Snake:1)
  5 spriggan defenders (Depths:3)
  11 ironheart preservers
  The ghost of Polef the Grappler, a journeyman TrTm of Cheibriados (D:14)
  A ghoul (Vaults:3)
  8 stone giants
  An entropy weaver (Vaults:3)
  17 very ugly things
  A vampire knight (Vaults:3)
  2 deep elf annihilators
  2 deep elf demonologists
  4 halazid warlocks (Desolation)
  2 spark wasps (Depths:3)
  A minotaur (Gauntlet)
  5 deep elf death magi
  A lorocyproca (Depths:3)
  3 crystal guardians (Desolation)
  7 ettins
  3 merfolk javelineers (Shoals:4)
  10 fire dragons
  6 merfolk impalers
  Josephine (Orc:1)
  8 ragged hierophants (Desolation)
  7 yaktaur captains
  4 great orbs of eyes
  2 spriggan air magi (Depths:3)
  5 vault guards
  10 hydras
  8 peacekeepers (Desolation)
  13 naga warriors
  Erolcha (D:9)
  A monstrous demonspawn (Depths:3)
  5 ice dragons
  8 rakshasas
  2 catoblepae
  The ghost of Sassenached the Basher, a journeyman GnWn of Nemelex Xobeh (Lair:2)
  A caustic shrike simulacrum (Depths:3)
  9 anacondas
  7 merfolk aquamancers
  11 servants of whispers (Desolation)
  13 centaur warriors
  A hydra (shapeshifter) (Depths:1)
  2 alligator snapping turtles (Shoals:4)
  4 merfolk avatars
  2 death knights
  36 two-headed ogres
  Erica (Lair:2)
  11 death yaks
  A satyr (Shoals:2)
  A vampire mage (Depths:1)
  4 tengu warriors
  23 dancing weapons
  2 deep troll shamans (Depths:2)
  A death scarab (Gauntlet)
  A two-headed ogre (shapeshifter) (Vaults:4)
  A spriggan berserker (Depths:3)
  16 ogre magi
  2 deep troll earth magi (Depths:1)
  15 naga sharpshooters
  2 hell knights (Vaults:3)
  A wretched star (Gauntlet)
  19 deep elf knights
  Nergalle (Orc:1)
  5 shock serpents
  A soul eater (Vaults:3)
  2 salamander mystics (Snake:4)
  21 skeletal warriors
  A flayed ghost (Depths:2)
  2 fire crabs (shapeshifter) (Depths:2)
  An iron troll (Depths:2)
  4 deep trolls
  16 sea snakes
  4 unseen horrors
  7 naga ritualists
  18 deep elf archers
  A kraken simulacrum (Shoals:4)
  6 wizards
  A lindwurm (Lair:4)
  An infernal demonspawn (Depths:3)
  10 orc knights
  4 harpies (Vaults:4)
  4 necromancers
  64 deep elf magi
  A sphinx zombie (Vaults:3)
  16 ironbrand convokers
  A phantasmal warrior (D:13)
  An orb spider (shapeshifter) (Depths:3)
  39 ugly things
  5 mana vipers
  2 human zombies (Vaults:3)
  2 oklob plants (Shoals:2)
  4 wolf spiders
  10 cyclopes
  11 salamanders
  10 orc sorcerers
  A tengu skeleton (Depths:3)
  14 manticores
  13 fauns
  13 merfolk sirens
  20 black mambas
  4 water nymphs
  9 elephants
  25 naga magi
  A molten gargoyle (Desolation)
  15 vault sentinels
  A gargoyle (D:12)
  A torpor snail (Lair:6)
  7 guardian serpents
  9 cane toads
  27 yaktaurs
  6 komodo dragons
  2 kobold demonologists
  7 rime drakes
  A hellwing (Depths:3)
  3 freezing wraiths
  A komodo dragon (shapeshifter) (Vaults:4)
  A red devil (Depths:3)
  5 polar bears (Lair:6)
  A troll (shapeshifter) (Depths:1)
  A meliai (shapeshifter) (Vaults:4)
  A polar bear (shapeshifter) (Depths:1)
  3 trolls
  2 tengu conjurers (Depths:1)
  28 merfolk
  12 hornets
  A tyrant leech (Lair:1)
  2 queen bees (shapeshifter)
  64 saltlings (Desolation)
  3 wind drakes
  18 slime creatures
  12 dream sheep
  12 blink frogs
  3 raiju (shapeshifter)
  13 hippogriffs
  A dream sheep (shapeshifter) (Vaults:4)
  A fire giant simulacrum (Depths:3)
  A meliai zombie (D:11)
  10 snapping turtles
  8 redbacks (Depths:3)
  2 shadows
  2 air elementals
  A centaur simulacrum (D:15)
  A redback (shapeshifter) (D:15)
  22 water elementals
  7 wraiths
  A spriggan zombie (Depths:3)
  A tarantella (shapeshifter) (Vaults:3)
  12 wyverns
  31 yaks
  An ettin skeleton (Vaults:3)
  4 spriggans
  4 basilisks
  2 fire elementals
  A ynoxinul (Gauntlet)
  A human (shapeshifter) (Elf:2)
  A basilisk (shapeshifter) (Elf:1)
  A hog (shapeshifter) (Vaults:1)
  2 fire bats (Volcano)
  A hog (Snake:2)
  A spectral komodo dragon (Gauntlet)
  A fire bat (shapeshifter) (D:14)
  2 vampire mosquitoes (D:14)
  3 swamp worms
  7 wargs
  40 nagas
  2 acid dragons
  4 soldier ants
  A floating eye (Depths:2)
  24 water moccasins
  12 porcupines
  33 orc warriors
  4 ice beasts
  A sky beast (shapeshifter) (Depths:2)
  6 sky beasts
  4 black bears
  3 phantoms
  9 wolves
  36 ogres
  7 boggarts
  The ghost of blahblahblah the Ruffian, an amateur DrTm (D:3)
  28 centaurs
  20 crocodiles
  14 big kobolds
  12 bullfrogs
  Blork the orc (D:5)
  A small abomination (Gauntlet)
  A wyvern zombie (D:14)
  2 earth elementals
  7 scorpions
  2 wyvern skeletons (D:12)
  17 killer bees
  22 wights
  7 howler monkeys
  3 centaur zombies
  4 crimson imps (D:4)
  3 jellies
  3 bullfrog zombies
  5 hounds
  3 centaur skeletons
  A quasit (D:6)
  2 bullfrog skeletons
  26 orc priests
  44 orc wizards
  4 iron imps (Gauntlet)
  3 iguanas
  20 worker ants
  2 killer bee zombies
  A hound zombie (D:8)
  A howler monkey skeleton (D:5)
  7 gnolls (D:6)
  18 adders
  4 shadow imps
  4 white imps
  2 ufetubi
  An ooze (D:3)
  2 adder skeletons
  An adder zombie (D:7)
  A worm (D:3)
  2 dart slugs
  6 leopard geckos
  95 orcs
  2 ball pythons
  10 bats
  12 giant cockroaches
  15 goblins
  14 hobgoblins
  8 jackals
  7 quokkas
  6 frilled lizards
  A jackal zombie (D:7)
  40 kobolds
  10 kobold skeletons (D:9)
  8 kobold zombies (D:9)
  A leopard gecko skeleton (D:3)
  A quokka skeleton (D:5)
  7 rats
  3 plants
  A tentacle (Shoals:4)
1918 creatures vanquished.

Vanquished Creatures (others)
  A fire dragon (Depths:1)
  A two-headed ogre (Vaults:3)
  A manticore (Shoals:4)
  3 yaktaurs (Vaults:3)
  2 ogres (Vaults:3)
  10 fungi
  26 plants
  4 tentacles (Shoals:4)
  7 withered plants
55 creatures vanquished.

Grand Total: 1973 creatures vanquished

Notes
Turn   | Place    | Note
-------+----------+-------------------------------------------
     0 | D:1      | HoaS the Gargoyle Gladiator began the quest for the Orb.
     0 | D:1      | Reached XP level 1. HP: 12/12 MP: 1/1
   128 | D:1      | Reached XP level 2. HP: 17/17 MP: 2/2
   337 | D:1      | Reached skill level 4 in Unarmed Combat
   388 | D:1      | Reached XP level 3. HP: 18/21 MP: 3/3
  1124 | D:2      | Reached XP level 4. HP: 26/26 MP: 4/4
  1359 | D:2      | Reached skill level 5 in Unarmed Combat
  2075 | D:3      | Found a runed translucent door.
  2078 | D:3      | Noticed blahblahblah's ghost (amateur DrTm)
  2507 | D:4      | Reached XP level 5. HP: 26/30 MP: 5/5
  2525 | D:4      | Noticed a phantom
  2592 | D:4      | Killed a phantom
  2592 | D:4      | Reached skill level 6 in Unarmed Combat
  2592 | D:4      | Reached XP level 6. HP: 35/35 MP: 6/6
  2710 | D:4      | Reached skill level 7 in Unarmed Combat
  2769 | D:4      | Found a shimmering altar of Xom.
  2823 | D:4      | Reached XP level 7. HP: 40/40 MP: 7/7
  2897 | D:4      | Reached skill level 8 in Unarmed Combat
  3212 | D:5      | Entered Level 5 of the Dungeon
  3262 | D:5      | Found Wutuof's Antique Weapon Shop.
  3512 | D:5      | Found a staircase to the Ecumenical Temple.
  3525 | D:5      | Reached skill level 9 in Unarmed Combat
  3527 | D:5      | Reached XP level 8. HP: 19/44 MP: 8/8
  3531 | Temple   | Entered the Ecumenical Temple
  3629 | Temple   | Became a worshipper of Makhleb the Destroyer
  3936 | D:5      | Reached skill level 10 in Unarmed Combat
  4131 | D:5      | Noticed Blork the orc
  4140 | D:5      | Killed Blork the orc
  4584 | D:6      | Found a runed translucent gate.
  4607 | D:6      | Found a runed translucent door.
  4608 | D:6      | Found a runed translucent gate.
  4639 | D:6      | Found a runed translucent gate.
  4649 | D:6      | Found the +9 staff of Olgreb {rPois∞}
  4652 | D:6      | Found a runed translucent door.
  4665 | D:6      | Noticed a two-headed ogre
  4698 | D:6      | Killed a two-headed ogre
  4698 | D:6      | Reached skill level 12 in Unarmed Combat
  4698 | D:6      | Reached XP level 9. HP: 48/48 MP: 9/9
  4724 | D:6      | Reached * piety under Makhleb
  5327 | D:6      | Found a glowing golden altar of the Shining One.
  5412 | D:3      | Killed blahblahblah's ghost
  5521 | D:6      | Reached ** piety under Makhleb
  5536 | D:6      | Reached skill level 13 in Unarmed Combat
  5681 | D:6      | Reached XP level 10. HP: 51/53 MP: 10/10
  5827 | D:7      | Reached skill level 14 in Unarmed Combat
  6079 | D:7      | Reached *** piety under Makhleb
  6801 | D:8      | Reached skill level 15 in Unarmed Combat
  7274 | D:8      | Reached **** piety under Makhleb
  7292 | D:8      | Noticed a seven-headed hydra
  7320 | D:8      | Killed a seven-headed hydra
  7845 | D:9      | Reached XP level 11. HP: 57/57 MP: 11/11
  7913 | D:9      | Reached skill level 16 in Unarmed Combat
  8067 | D:9      | Noticed Erolcha
  8084 | D:9      | Killed Erolcha
  8452 | D:9      | Found a staircase to the Lair.
  8656 | D:9      | Found an ancient bone altar of Kikubaaqudgha.
  8696 | D:9      | Reached ***** piety under Makhleb
  8894 | D:10     | Entered Level 10 of the Dungeon
  8911 | D:10     | Found a sacrificial altar of Ru.
  9051 | D:10     | Reached skill level 17 in Unarmed Combat
  9429 | Lair:1   | Entered Level 1 of the Lair of Beasts
  9576 | Lair:1   | Found a dark tunnel.
  9591 | Volcano  | Entered a volcano
  9595 | Volcano  | Noticed a two-headed ogre
  9611 | Volcano  | Killed a two-headed ogre
  9635 | Volcano  | Noticed a salamander
  9643 | Volcano  | Reached XP level 12. HP: 55/62 MP: 12/12
  9975 | Lair:1   | Reached skill level 18 in Unarmed Combat
 10328 | Lair:2   | Found a staircase to the Snake Pit.
 10427 | Lair:2   | You fall into a shaft and drop 2 floors!
 10677 | Lair:2   | Found a staircase to the Shoals.
 10677 | Lair:2   | Noticed Erica
 10744 | Lair:2   | Killed Erica
 10847 | Lair:2   | Found a large runed translucent door.
 10848 | Lair:2   | Found a large runed translucent door.
 10874 | Lair:2   | Noticed Sassenached's ghost (journeyman GnWn)
 11014 | Lair:1   | Reached skill level 19 in Unarmed Combat
 11050 | Lair:2   | Found the +3 hat of Pondering {ponderous, MR+ MP+10 Int+5}
 11674 | Lair:3   | Reached XP level 13. HP: 66/66 MP: 13/13
 12488 | Lair:4   | Reached skill level 20 in Unarmed Combat
 12541 | Lair:4   | Reached ****** piety under Makhleb
 13218 | Lair:5   | Found a viscous altar of Jiyva.
 13218 | Lair:5   | Found a staircase to the Slime Pits.
 13887 | Lair:6   | Entered Level 6 of the Lair of Beasts
 13960 | Lair:6   | Reached skill level 21 in Unarmed Combat
 14077 | Lair:6   | Gained mutation: Your large and strong wings let you fly
                  | indefinitely. [Gargoyle growth]
 14077 | Lair:6   | Reached XP level 14. HP: 56/72 MP: 14/14
 14352 | Lair:6   | Reached skill level 22 in Unarmed Combat
 14557 | Lair:6   | Reached XP level 15. HP: 76/76 MP: 15/15
 14612 | Lair:6   | Found a runed translucent door.
 14615 | Lair:6   | Noticed Laplelam's ghost (journeyman OgTm)
 14750 | Lair:6   | Identified the Collected Works on Blistering Beguiling
 14769 | Lair:6   | Got a pair of shimmering gloves
 14770 | Lair:6   | Identified the cursed +0 pair of gloves "Sill" {*Contam
                  | rF+++ rC++ rCorr Int+4} (You found it on level 6 of the
                  | Lair of Beasts)
 15177 | Lair:2   | Killed Sassenached's ghost
 15177 | Lair:2   | Reached skill level 23 in Unarmed Combat
 15332 | Lair:6   | Killed Laplelam's ghost
 17078 | D:12     | Found a staircase to the Orcish Mines.
 17177 | Orc:1    | Entered Level 1 of the Orcish Mines
 17224 | Orc:1    | Reached XP level 16. HP: 80/80 MP: 16/16
 17541 | Orc:1    | Found a roughly hewn altar of Beogh.
 17620 | Orc:1    | Found a roughly hewn altar of Beogh.
 17760 | Orc:1    | Noticed Josephine
 17767 | Orc:1    | Killed Josephine
 17767 | Orc:1    | Reached skill level 24 in Unarmed Combat
 17768 | Orc:1    | Noticed Nergalle
 17775 | Orc:1    | Paralysed by an orc sorcerer for 4 turns
 17789 | Orc:1    | Killed Nergalle
 17951 | Orc:2    | Entered Level 2 of the Orcish Mines
 18105 | Orc:2    | Found a staircase to the Elven Halls.
 18371 | Orc:2    | Paralysed by an orc sorcerer for 6 turns
 18387 | Orc:2    | Paralysed by an orc sorcerer for 7 turns
 18439 | Orc:2    | Gained mutation: You tend to lose your temper in combat. [a
                  | neqoxec]
 18471 | Orc:2    | Found Hanath's Gadget Boutique.
 18503 | Orc:2    | Found a radiant altar of Vehumet.
 18571 | Orc:2    | Found an ancient bone altar of Kikubaaqudgha.
 18609 | Orc:2    | Found a roughly hewn altar of Beogh.
 18609 | Orc:2    | Found Xoduerom's Book Boutique.
 18612 | Orc:2    | Found Niurof's Distillery.
 18637 | Orc:2    | Found Ogedgh's Antique Armour Shop.
 18652 | Orc:2    | Bought a potion of might for 56 gold pieces
 18652 | Orc:2    | Bought a potion of curing for 42 gold pieces
 18652 | Orc:2    | Bought 2 potions of curing for 84 gold pieces
 18652 | Orc:2    | Bought a potion of mutation for 112 gold pieces
 18652 | Orc:2    | Bought a potion of curing for 42 gold pieces
 18949 | Orc:2    | Bought a manual of Armour for 1435 gold pieces
 18956 | Orc:2    | Bought a brightly glowing helmet for 237 gold pieces
 18966 | Orc:2    | Identified the +0 helmet "Piasaam" {*Corrode rElec rPois
                  | Int+6} (You bought it in a shop on level 2 of the Orcish
                  | Mines)
 19696 | D:13     | Got a pair of slimy gloves
 19697 | D:13     | Identified the cursed -3 pair of gloves of the Griffon
                  | {rElec Str+4 Slay+3} (You found it on level 13 of the
                  | Dungeon)
 19939 | D:13     | Found a gate to the Vaults.
 20079 | D:14     | Found a gate leading to a gauntlet.
 20096 | Gauntlet | Entered a Gauntlet
 20096 | Gauntlet | Found a transporter.
 20096 | Gauntlet | Found a transporter.
 20109 | Gauntlet | Found a transporter.
 20111 | Gauntlet | Found a transporter.
 20121 | Gauntlet | Found a transporter.
 20122 | Gauntlet | Found a transporter.
 20130 | Gauntlet | Found a transporter.
 20150 | Gauntlet | Found a transporter.
 20168 | Gauntlet | Found a transporter.
 20171 | Gauntlet | Found a transporter.
 20182 | Gauntlet | Found a transporter.
 20184 | Gauntlet | Found a transporter.
 20286 | Gauntlet | Reached skill level 25 in Unarmed Combat
 20402 | Gauntlet | Got a twitching platinum ring
 20407 | Gauntlet | Identified the ring "Xaasku" {Str+7 Int+3 SInv} (You found
                  | it in a Gauntlet)
 21469 | D:14     | Found a runed translucent gate.
 21470 | D:14     | Found a runed translucent gate.
 21471 | D:14     | Found a runed translucent gate.
 21482 | D:14     | Noticed Polef's ghost (journeyman TrTm)
 21567 | D:15     | Entered Level 15 of the Dungeon
 21619 | D:14     | Reached XP level 17. HP: 84/84 MP: 17/17
 21912 | D:15     | Found a staircase to the Depths.
 22611 | D:14     | Killed Polef's ghost
 22611 | D:14     | Reached skill level 26 in Unarmed Combat
 22679 | D:14     | Got a sparkling silver ring
 22684 | D:14     | Got a crude golden ring
 22746 | D:14     | Identified the ring of the Immovable Souls {Wiz rElec Dex+7
                  | Stlth-} (You found it on level 14 of the Dungeon)
 22747 | D:14     | Identified the ring of Ru's Inspiration {EV+4 Int+3} (You
                  | found it on level 14 of the Dungeon)
 22898 | Snake:1  | Entered Level 1 of the Snake Pit
 22935 | Snake:1  | Noticed Aizul
 22945 | Snake:1  | Killed Aizul
 23728 | Snake:2  | Noticed Kirke
 23736 | Snake:2  | Killed Kirke
 24604 | Snake:3  | Noticed Louise
 24618 | Snake:3  | Killed Louise
 24624 | Snake:3  | Found Levagud's Antique Weapon Boutique.
 24694 | Snake:3  | Reached XP level 18. HP: 82/89 MP: 18/18
 24760 | Snake:3  | Found Weynueh's Magic Scroll Boutique.
 24798 | Snake:3  | Reached skill level 27 in Unarmed Combat
 24846 | Snake:3  | Found Xomystee's Weapon Shoppe.
 24887 | Snake:3  | Found Dadiatso's Assorted Antiques.
 24895 | Snake:3  | Bought a scroll of teleportation for 105 gold pieces
 24895 | Snake:3  | Bought a scroll labeled IFIOGR ROL LOL for 35 gold pieces
 24984 | Snake:3  | Reached skill level 1 in Armour
 25137 | Snake:3  | Found Holyon's Book Emporium.
 25137 | Snake:3  | Found Rommuc's Armour Shoppe.
 25176 | Snake:3  | Bought the cursed +0 cloak of Xom's Castigation {rC+ Int-2
                  | Slay+2 SInv} for 334 gold pieces
 25649 | Snake:4  | Entered Level 4 of the Snake Pit
 25754 | Snake:4  | Reached skill level 5 in Armour
 25844 | Snake:4  | Reached skill level 5 in Fighting
 26050 | Snake:4  | Reached skill level 5 in Dodging
 26557 | Snake:4  | Got a serpentine rune of Zot
 26739 | Shoals:1 | Entered Level 1 of the Shoals
 27067 | Shoals:1 | Identified Roxanne's Almanac of Moulding
 27067 | Shoals:1 | Noticed Roxanne
 27083 | Shoals:1 | Killed Roxanne
 27531 | Shoals:2 | Reached XP level 19. HP: 108/108 MP: 19/19
 27550 | Shoals:2 | Noticed Donald
 27566 | Shoals:2 | Killed Donald
 28632 | Shoals:3 | Noticed Polyphemus
 29163 | Shoals:3 | Killed Polyphemus
 29163 | Shoals:3 | Reached skill level 10 in Armour
 29287 | Shoals:3 | Reached skill level 10 in Fighting
 29454 | Shoals:4 | Entered Level 4 of the Shoals
 30385 | Shoals:4 | Got a barnacled rune of Zot
 30401 | Shoals:4 | Found Zipnizyg's Assorted Antiques.
 30409 | Shoals:4 | Bought 2 pink potions for 52 gold pieces
 30409 | Shoals:4 | Bought a potion of haste for 290 gold pieces
 31045 | Elf:1    | Entered Level 1 of the Elven Halls
 31196 | Elf:1    | Found Putez's General Store.
 31207 | Elf:1    | Bought a potion of curing for 39 gold pieces
 31497 | Elf:1    | Reached XP level 20. HP: 121/121 MP: 20/20
 32091 | Elf:2    | Reached skill level 10 in Dodging
 32480 | Elf:2    | Found Mekhleberr's Armour Shop.
 32792 | Elf:2    | Found a runed translucent gate.
 32804 | Elf:2    | Found a runed translucent gate.
 32804 | Elf:2    | Found a runed translucent gate.
 33334 | Vaults:1 | Entered Level 1 of the Vaults
 33756 | Vaults:1 | Found Lyshra's Antique Armour Shop.
 34576 | Vaults:2 | Identified a scroll of acquirement
 34576 | Vaults:2 | Acquired 1430 gold pieces
 34645 | Vaults:1 | Bought a transparent plate armour for 980 gold pieces
 34645 | Vaults:1 | Identified the +8 plate armour of Circular Logic {Harm rC-
                  | rCorr Str+2} (You bought it in a shop on level 1 of the
                  | Vaults)
 34811 | Vaults:2 | Found Paogijuk's Magic Scroll Boutique.
 34850 | Vaults:2 | Bought a scroll of blinking for 127 gold pieces
 34850 | Vaults:2 | Bought a scroll of blinking for 127 gold pieces
 34850 | Vaults:2 | Bought a scroll of teleportation for 51 gold pieces
 34911 | Vaults:2 | Reached XP level 21. HP: 132/132 MP: 21/21
 35321 | Vaults:2 | Found a portal to a secret trove of treasure.
 36063 | Vaults:2 | Reached skill level 15 in Fighting
 36286 | Vaults:3 | Found a ruined gateway.
 36307 | Desolati | Entered the Desolation of Salt
 36520 | Desolati | Reached skill level 15 in Armour
 37064 | Desolati | Reached XP level 22. HP: 140/140 MP: 22/22
 37100 | Desolati | Got a faintly glowing granite ring
 37130 | Desolati | Identified the ring of the Lich-sworn {Wiz MR- Str-3 Dex+9
                  | Stlth+} (You found it in the Desolation of Salt)
 37203 | Desolati | Identified Ycil's Tome of Arcane Weapons and Dark Rituals
 37212 | Desolati | Got a faintly glowing bronze ring
 37261 | Desolati | Identified the ring of Xadghagod {Ice SInv} (You found it
                  | in the Desolation of Salt)
 37675 | Vaults:3 | Noticed Margery
 37688 | Vaults:3 | Killed Margery
 37833 | Vaults:3 | Found a runed translucent door.
 37833 | Vaults:3 | Noticed Juteq's ghost (adept GnGl)
 38253 | Vaults:3 | Found a staircase to the Crypt.
 39007 | Vaults:3 | Killed Juteq's ghost
 39465 | Vaults:4 | Found Zeghob's Book Shoppe.
 39907 | Vaults:4 | Reached XP level 23. HP: 148/148 MP: 23/23
 39953 | Vaults:4 | Found Ummypon's Assorted Antiques.
 39960 | Vaults:4 | Bought a scroll of teleportation for 108 gold pieces
 39960 | Vaults:4 | Bought an agate ring for 180 gold pieces
 40017 | Vaults:4 | Found Namnor's Assorted Antiques.
 40030 | Vaults:4 | Found Gusais's Jewellery Emporium.
 40032 | Vaults:4 | Bought a cabochon ring for 155 gold pieces
 40032 | Vaults:4 | Bought a scroll of teleportation for 93 gold pieces
 40263 | Vaults:4 | Reached skill level 15 in Dodging
 40463 | Vaults:4 | Found Jitwuat's Gadget Boutique.
 40775 | Depths:1 | Entered Level 1 of the Depths
 41138 | Depths:1 | Found a gateway to Hell.
 41188 | Depths:1 | Noticed a caustic shrike
 41191 | Depths:1 | Killed a caustic shrike
 41200 | Depths:1 | Got a heavily runed granite ring
 41275 | Depths:1 | Identified the ring "Cyuh" {AC+4 Slay+2} (You found it on
                  | level 1 of the Depths)
 41697 | Depths:2 | Found a corrupted altar of Lugonu.
 41697 | Depths:2 | Found a one-way gate to the infinite horrors of the Abyss.
 41835 | Depths:2 | Paralysed by a floating eye for 3 turns
 41886 | Depths:2 | Found a gateway to a ziggurat.
 41905 | Depths:2 | You are sucked into a shaft and drop 1 floor!
 41934 | Depths:3 | Noticed Jory
 42052 | Depths:3 | Noticed Mara
 42065 | Depths:3 | Noticed HoaS's illusion
 42154 | Depths:3 | Noticed HoaS's illusion
 42154 | Depths:3 | Reached XP level 24. HP: 157/157 MP: 23/23
 42169 | Depths:3 | Noticed HoaS's illusion
 42186 | Depths:3 | Killed Mara
 42365 | Depths:3 | Killed Jory
 42509 | Depths:3 | Found a one-way gate leading to the halls of Pandemonium.
 42513 | Depths:3 | Noticed the Enchantress
 42551 | Depths:3 | Killed the Enchantress
 42597 | Depths:3 | Killed from afar by a spriggan air mage

Illustrated notes

Levels and vault maps discovered:
D:1:      minmay_arrival_diagonal_passages, layout_basic, feat_on_display
D:2:      layout_basic, chequers_jeans, st_stairs_7, amethyst_killhole,
          minmay_octomino_j4
D:3:      layout_basic, ebering_ghost_reflecting_pool
D:4:      layout_rooms, serial_bayou, serial_bayou_ford_a, serial_bayou_pond_d,
          serial_bayou_lake_a, serial_bayou_shore_b, led_xom_imps
D:5:      layout_layer_cave, minmay_temple_entry_glass, serial_shops,
          nicolae_shop_waterfront, grunt_decor_fettered, uniq_blork_the_orc
D:6:      corexii_shantytown, layout_rooms, tso_altar,
          minmay_guarded_unrand_staff_of_olgreb
D:7:      statuecave_lemuel, layout_loops_ring
D:8:      layout_layer_cave
D:9:      wander_kiku_kobolds, layout_loops_cross, david_lair_shrubbed,
          the_bakery, uniq_erolcha
D:10:     layout_cross, basic_altar
D:11:     layout_small_grid, kennysheep_generic_room_7
D:12:     layout_basic, erik_orc_2, minmay_fractal_squares_gapless_5
D:13:     layout_irregular_city, hangedman_vaults_entry_quadrant_bands
D:14:     layout_layer_cave, gammafunk_ghost_split, gauntlet_entry_generic,
          wad_floor_pattern_1, small_chamber_with_monster, grunt_ministairs_14
D:15:     grunt_enter_depths_giant_problem, layout_cave_pools,
          chequers_serial_rivers_micro_e
Temple:   grunt_wide_crystal_templ
Lair:1:   layout_regular_city, nicolae_volcano_entry_lava_flow,
          grunt_megastairs_4
Lair:2:   layout_big_grid, elwin_shoals_entry_stream, dummy_snake_entry,
          ebering_ghost_disaster_area, worms_lemuel, uniq_erica
Lair:3:   layout_cave_pods, infiniplex_staircase_pool, serial_bayou_shore_b
Lair:4:   cheibrodos_lair_overgrown_chateau, layout_layer_cave,
          serial_bayou_shore_b, lemuel_fruit_tree
Lair:5:   layout_gridlike, slime_altar_1
Lair:6:   gammafunk_lair_ancient_temple, layout_loops_ring,
          gammafunk_ghost_grave
Shoals:1: layout_shoals, uniq_roxanne
Shoals:2: layout_shoals, nicolae_shoals_this_corrosion, uniq_donald
Shoals:3: layout_shoals, uniq_polyphemus
Shoals:4: shoals_end_grunt_ice, layout_shoals, serial_shops, shop
Snake:1:  kennysheep_six_static_rooms, layout_basic, uniq_aizul
Snake:2:  layout_onion, uniq_kirke
Snake:3:  layout_basic, serial_shops, shop_scrolls, nicolae_shop_waterfront,
          nicolae_shop_overgrown_old_shop, shop, minmay_shoptagon, uniq_louise
Snake:4:  snake_pit, layout_cave_shapes, grunt_ministairs_2
Orc:1:    layout_caves, basic_altar, lemuel_statue_altar, uniq_nergalle,
          uniq_josephine
Orc:2:    kennysheep_orc_mage_school, layout_caves, special_room
Elf:1:    eino_elf_arrival_sip, layout_geoelf_grid, serial_shops,
          shop_fountains, evilmike_minifort
Elf:2:    layout_geoelf_octagon, serial_shops, shop, guppyfry_library_mini
Vaults:1: vaults_room_grunt_arrival_ludios, v_misc_17,
          nicolae_vaults_little_squares_3, hangedman_vaults_unwind, v_rooms_2,
          nicolae_vaults_shelves_hall, v_misc_10,
          nicolae_vaults_twisting_passages, ontoclasm_vaults_twist,
          vaults_room_semicircle, ontoclasm_vaults_loading_screen,
          nicolae_vaults_little_squares_4, nicolae_vaults_rhombus_6,
          nicolae_vaults_shelves_hall, layout_vaults_big_cross, serial_shops,
          shop
Vaults:2: ontoclasm_vaults_bender, vaults_room_boxed, v_misc_15,
          nicolae_vaults_little_squares_1, dpeg_vaults_waves,
          nicolae_vaults_windows_and_doors_thing, v_pattern_3,
          nicolae_vaults_specimen_jars, vaults_standard_mumra_lines,
          nicolae_vaults_alarming, layout_vaults_omnibox,
          nicolae_trove_entry_diagonal, serial_shops,
          nicolae_shop_competitors_out_of_business
Vaults:3: ebering_vaults_ghost_inner_flame, v_alt_pattern_5,
          nicolae_vaults_minivaults, hangedman_vaults_stitches, v_rooms_4,
          v_misc_19, minmay_crypt_entry_simple_box, layout_vaults_chaotic_city,
          portal_desolation_entry_garden, uniq_margery
Vaults:4: hangedman_vaults_snaps, nicolae_vaults_triangles, v_misc_30,
          v_misc_30, v_rooms_3, nicolae_vaults_display_case,
          vaults_room_hallway, v_misc_4, layout_vaults_quadrants, serial_shops,
          shop, shop, shop, shop_fountains, nicolae_shop_stone
Depths:1: layout_long_grid, hangedman_abyss_or_decor_stagger,
          hangedman_coc_ice_floe, minmay_the_grid_2x2 [minmay_the_grid_square_x,
          minmay_the_grid_rooms, minmay_the_grid_minigrid_small_alt,
          minmay_the_grid_prize_four_corners_diamond_a],
          kennysheep_random_hallway
Depths:2: hangedman_arch_fort, layout_cave_shapes, enter_ziggurat_b,
          abyss_entry_flame_altar, minivault_11,
          grunt_hell_entry_demonic_statue, grunt_pan_entry_zigzag
Depths:3: kennysheep_cluttered_fort, layout_basic, hell_entry,
          rand_demon_pan_entry_3, nicolae_lava_and_water, drop_trap,
          kennysheep_generic_room_6, uniq_mara, uniq_xtahua, uniq_jory,
          uniq_enchantress, uniq_asterion

Skill      XL: |  1  2  3  4  5  6  7  8  9 10 11 12 13 14 15 16 17 18 19 20 21 22 23 24 |
---------------+-------------------------------------------------------------------------+-----
Unarmed Combat | 4 5 6 7 9 12 13 15 17 19 21 22 23 25 26 27 | 27.0
Armour         | 8 11 13 15 16 17 18 | 18.0
Dodging        | 7 9 11 13 14 16 | 16.9
Fighting       | 8 11 14 15 16 17 18 | 18.2
Throwing       | |  1.7

Action                   |  1- 3 |  4- 6 |  7- 9 | 10-12 | 13-15 | 16-18 | 19-21 | 22-24 || total
-------------------------+-------+-------+-------+-------+-------+-------+-------+-------++-------
Melee: Unarmed           |   138 |   162 |   442 |   939 |  1068 |  1670 |  1744 |  1427 ||  7590
       Punch             |     2 |     4 |    15 |    52 |    75 |   177 |   198 |   179 ||   702
Throw: Throwing net      |       |       |     1 |     1 |       |       |       |       ||     2
       Javelin           |       |       |       |       |       |       |     4 |       ||     4
 Abil: Fly               |       |       |       |       |     1 |       |       |       ||     1
  Use: Scroll            |     8 |     7 |     5 |    15 |     8 |    13 |     5 |     5 ||    66
       Potion            |       |       |     2 |     4 |     5 |     5 |       |     1 ||    17
 Stab: Held in net/web   |       |       |     3 |     1 |       |       |       |       ||     4
       Distracted        |       |       |       |       |       |       |     1 |       ||     1
Armor: Leather armour    |    45 |       |       |       |       |       |       |       ||    45
       Ring mail         |     4 |    28 |       |       |       |       |       |       ||    32
       Plate armour      |       |    62 |   391 |   677 |   743 |  1039 |   889 |   739 ||  4540
Dodge: Dodged            |    94 |    60 |   177 |   250 |   235 |   536 |   820 |   811 ||  2983
Block: Other             |       |       |       |       |       |   180 |   293 |   230 ||   703
       Reflection        |       |       |       |       |       |    30 |    34 |    16 ||    80

Table legend: (Time is in decaauts)
 A = Elapsed time spent in this place.
 B = Non-inter-level travel time spent in this place.
 C = Inter-level travel time spent in this place.
 D = Time resting spent in this place.
 E = Time spent auto-exploring this place.
 F = Levels seen in this place.
 G = Mean time per level.
                   A        B        C        D        E       F      G
               +--------+--------+--------+--------+--------+-----+--------+
         Total |  39818 |  37064 |   2754 |   3009 |  23806 |  44 |  905.0 |
       Dungeon |  13984 |  12881 |   1103 |    608 |   8820 |  15 |  932.3 |
        Temple |    122 |    122 |      0 |      0 |     55 |   1 |  122.0 |
          Lair |   5634 |   5056 |    578 |    151 |   3503 |   6 |  939.0 |
        Shoals |   3918 |   3829 |     89 |    774 |   2242 |   4 |  979.5 |
     Snake Pit |   3476 |   3275 |    201 |    298 |   2087 |   4 |  869.0 |
  Orcish Mines |   1867 |   1641 |    226 |     42 |   1040 |   2 |  933.5 |
   Elven Halls |   2003 |   1899 |    104 |     93 |   1321 |   2 | 1001.5 |
        Vaults |   5783 |   5368 |    415 |    690 |   3459 |   4 | 1445.8 |
        Depths |   1480 |   1447 |     33 |    108 |    609 |   3 |  493.3 |
       Volcano |     66 |     66 |      0 |      0 |     17 |   1 |   66.0 |
    Desolation |   1023 |   1023 |      0 |    103 |    475 |   1 | 1023.0 |
      Gauntlet |    456 |    456 |      0 |    138 |    176 |   1 |  456.0 |
               +--------+--------+--------+--------+--------+-----+--------+

Top non-repeatable levels by time:
Vaults:3: 1526 daAuts
Vaults:2: 1462 daAuts
Vaults:4: 1419 daAuts
Vaults:1: 1374 daAuts
    D:14: 1355 daAuts
     D:8: 1326 daAuts
     D:5: 1263 daAuts
Shoals:3: 1250 daAuts
  Lair:4: 1153 daAuts
Shoals:4: 1111 daAuts
 Snake:3: 1105 daAuts
     D:9: 1086 daAuts
   Orc:2: 1075 daAuts
  Lair:6: 1048 daAuts
    D:12: 1038 daAuts
